 Dungeon Crawl Stone Soup version 0.31-a0-145-g046c7d2549 (webtiles) character file.

Game seed: 2427805250134265341

552 qw the Skirmisher (level 7, -11/61 HPs)
             Began as a Minotaur Hunter on June 7, 2023.
             Mangled by an ogre
             ... wielding a +0 giant club
              (18 damage)
             ... on level 5 of the Dungeon.
             The game lasted 00:01:11 (3718 turns).

qw the Skirmisher (Minotaur Hunter)                 Turns: 3718, Time: 00:01:12

Health: -11/61     AC:  5    Str: 15    XL:     7   Next: 8%
Magic:  6/6        EV: 11    Int:  6    God:
Gold:   86         SH:  0    Dex: 16    Spells: 6/6 levels left

rFire   . . .        Y - +0 shortbow (heavy)
rCold   . . .        (shield currently unavailable)
rNeg    . . .        b - +0 ring mail
rPois   .            (helmet restricted)
rElec   .            (no cloak)
rCorr   .            (no gloves)
SInv    .            (no boots)
Will    .....        (no amulet)
Stlth   +            (no ring)
HPRegen 0.30/turn    (no ring)
MPRegen 0.10/turn

%: no passive effects
@: about to teleport
A: horns 2, retaliatory headbutt
a: no special abilities


You were on level 5 of the Dungeon.
You visited 1 branch of the dungeon, and saw 5 of its levels.

You collected 86 gold pieces.


Innate Abilities, Weirdness & Mutations

You have a pair of horns on your head.
You reflexively headbutt those who attack you in melee.


   Skills:
 - Level 5.0 Fighting
 + Level 8.0 Ranged Weapons
 - Level 1.2 Armour
 - Level 3.0 Dodging
 - Level 0.7 Stealth


You had 6 spell levels left.
You didn't know any spells.
Your spell library was empty.

Inventory:

Hand Weapons
 Y - a +0 heavy shortbow (weapon)
Armour
 b - a +0 ring mail (worn)
Scrolls
 e - a scroll of identify
Potions
 d - 3 potions of curing
 f - a potion of might
 g - a potion of resistance
 h - a potion of brilliance {unknown}
 j - a potion of haste {unknown}

Dungeon Overview and Level Annotations

Branches:
Dungeon (5/15)
 Temple: D:4-7

Altars:

Shops:
D:4 (


Message History

You see here a dart slug corpse.
You now have 86 gold pieces (gained 7).
An iguana and an orc come into view.
Found a mace.
The orc shouts!
The iguana hisses angrily.
An ogre comes into view. It is wielding a +0 giant club.
You see here 2 gold pieces.
You shoot an arrow. The arrow hits the iguana!
The iguana is severely wounded.
You shoot an arrow. The arrow hits the iguana.
The iguana is severely wounded.
A hound comes into view.
The iguana barely misses you.
The hound moves out of view.
You shoot an arrow. The arrow hits the iguana!
You kill the iguana!
Your Dodging skill increases to level 3!
You shoot an arrow. The arrow barely misses the orc.
The orc hits you with a +0 dagger. The orc closely misses you.
You shoot an arrow. The arrow hits the orc.
The orc is lightly wounded.
The orc hits you but does no damage. The orc barely misses you.
You shoot an arrow. The arrow hits the orc!
You kill the orc!
You shoot an arrow.
The arrow hits the ogre but does no damage.
The ogre hits you with a +0 giant club!!
You shoot an arrow. The arrow hits the ogre!!
The ogre is severely wounded.
The ogre misses you. You furiously retaliate!
You headbutt the ogre. The ogre hits you with a +0 giant club!
You shoot an arrow. The arrow completely misses the ogre.
The ogre hits you with a +0 giant club!
3717 ||| READING scroll of teleportation.
As you read the scroll of teleportation, it crumbles to dust.
You feel strangely unstable.
You shoot an arrow.
The arrow hits the ogre but does no damage.
The ogre is severely wounded.
The ogre hits you with a +0 giant club!!
You die...

#.# #######
#.### #...#
###.# ####.#
#....##
#.##..#
##.###.# #...
#@#
##7...7##O.#
#.....?$##...#
7.<.# ##..)#
#..?....# #..
##7.<.7## .
#... ####


You could see an ogre.

Vanquished Creatures
  2 black bears
  An ice beast (D:5)
  2 jellies (D:4)
  A sleepcap (D:5)
  2 iguanas
  4 adders
  An ufetubus (D:5)
  3 dart slugs
  10 orcs
  8 endoplasms
  3 giant cockroaches
  4 goblins
  6 hobgoblins
  5 jackals
  4 kobolds
  5 quokkas
  10 ball pythons
  5 bats
  4 frilled lizards
  6 rats
86 creatures vanquished.

Notes
Turn   | Place    | Note
-------+----------+-------------------------------------------
     0 | D:1      | qw the Minotaur Hunter began the quest for the Orb.
     0 | D:1      | Reached XP level 1. HP: 18/18 MP: 0/0
     0 | D:1      | 0 ||| qw: Version: 0.2-a-117-gc6b5c8b
     0 | D:1      | 0 ||| qw: Game counter: 2536
     0 | D:1      | 0 ||| qw: Always use a shield: true
     0 | D:1      | 0 ||| qw: God list: Okawaru
     0 | D:1      | 0 ||| qw: Allow faded altars: false
     0 | D:1      | 0 ||| qw: Do Orc after D:15 true
     0 | D:1      | 0 ||| qw: Do second Lair branch before Depths: true
     0 | D:1      | 0 ||| qw: Lair rune preference: random
     0 | D:1      | 0 ||| qw: Plans: Normal
     0 | D:1      | 0 ||| PLANNING D:1-11
   142 | D:1      | Reached XP level 2. HP: 25/25 MP: 1/1
   193 | D:1      | Reached skill level 5 in Ranged Weapons
   551 | D:1      | Reached skill level 3 in Fighting
   697 | D:1      | 697 ||| READING scroll labelled APROSE ZAPN.
   698 | D:1      | 698 ||| DRINKING 2 puce potions.
   699 | D:1      | 699 ||| DRINKING 2 yellow potions.
   700 | D:1      | 700 ||| DROPPING scroll of butterflies.
   773 | D:2      | Noticed a black bear
   783 | D:2      | Killed a black bear
   784 | D:2      | Reached skill level 6 in Ranged Weapons
   784 | D:2      | Reached XP level 3. HP: 17/31 MP: 2/2
   784 | D:2      | Reached XP level 4. HP: 21/38 MP: 3/3
   905 | D:2      | Found a faded altar of an unknown god.
  1050 | D:2      | Reached XP level 5. HP: 46/46 MP: 4/4
  1377 | D:2      | 1377 ||| READING scroll labelled RIPTOI NOSTOINT.
  1380 | D:2      | 1380 ||| READING scroll labelled JEUNWA AHEZU.
  2336 | D:3      | 2336 ||| READING scroll labelled VIJEV NIHEE.
  2337 | D:3      | 2337 ||| READING scroll labelled ROFRIM QIP.
  2496 | D:4      | Noticed a black bear
  2501 | D:4      | Killed a black bear
  2502 | D:4      | Reached skill level 7 in Ranged Weapons
  2502 | D:4      | Reached XP level 6. HP: 39/52 MP: 5/5
  3035 | D:4      | Found Guacurchu's Weapon Boutique.
  3040 | D:4      | Reached skill level 8 in Ranged Weapons
  3349 | D:4      | 3349 ||| UPGRADING to +0 ring mail.
  3359 | D:4      | 3359 ||| DROPPING +0 leather armour.
  3360 | D:4      | 3360 ||| READING 3 scrolls of identify.
  3360 | D:4      | 3360 ||| IDENTIFYING metallic inky potion
  3361 | D:4      | 3361 ||| READING 2 scrolls of identify.
  3361 | D:4      | 3361 ||| IDENTIFYING glowing golden potion
  3415 | D:5      | Entered Level 5 of the Dungeon
  3420 | D:5      | 3420 ||| STAIRDANCE
  3420 | D:5      | HP: 12/52 [iguana (12)]
  3422 | D:4      | 3422 ||| READING 2 scrolls of teleportation.
  3423 | D:4      | 3423 ||| DRINKING potion of heal wounds.
  3425 | D:4      | Reached skill level 1 in Armour
  3494 | D:5      | Noticed an ice beast
  3501 | D:5      | Killed an ice beast
  3672 | D:5      | Reached XP level 7. HP: 61/61 MP: 6/6
  3711 | D:5      | Reached skill level 3 in Dodging
  3716 | D:5      | HP: 7/61 [ogre/+0 giant club (17)]
  3717 | D:5      | 3717 ||| READING scroll of teleportation.
  3718 | D:5      | Mangled by an ogre

Levels and vault maps discovered:
D:1:      shiori_shiawase, layout_basic, minmay_misc_feat_rows
D:2:      layout_basic, ebering_ecumenical_altar_petrified, minivault_24,
          nicolae_elevator_lobby_asterisk
D:3:      layout_basic, kennysheep_small_spiral
D:4:      layout_basic, serial_shops, nicolae_shop_advertising_works
          [nicolae_subvault_shop_adworks], moated_statue
D:5:      layout_basic, minmay_temple_entry_fiery, grunt_ministairs_7,
          uniq_pikel, uniq_duvessa

Skill      XL: |  1  2  3  4  5  6  7 |
---------------+----------------------+-----
Ranged Weapons | 6 7 8 |  8.0
Fighting       | 3 4 5 |  5.0
Armour         | 1 |  1.2
Dodging        | 3 |  3.0
Stealth        | |  0.7

Action                     |  1- 3 |  4- 6 |  7- 9 || total
---------------------------+-------+-------+-------++-------
   Fire: Shortbow          |    59 |   160 |    10 ||   229
    Use: Potion            |     2 |     1 |       ||     3
         Scroll            |     1 |     7 |     1 ||     9
 Armour: Leather armour    |     8 |     9 |       ||    17
         Ring mail         |       |     5 |     1 ||     6
  Dodge: Dodged            |    14 |    39 |     4 ||    57

Table legend:
 A = Non-vault XP
 B = Vault XP
 C = Vault XP percentage of total XP
 D = Non-vault monster count
 E = Vault monster count
 F = Vault count percentage of total count
                 A         B        C        D         E       F
            +---------+---------+-------+---------+---------+-------
      Total |     753 |      36 |   4.6 |      85 |       1 |   1.2
            +---------+---------+-------+---------+---------+-------
        D:1 |      31 |       0 |   0.0 |      21 |       0 |   0.0
        D:2 |     173 |       0 |   0.0 |      15 |       0 |   0.0
        D:3 |      50 |       0 |   0.0 |      22 |       0 |   0.0
        D:4 |     279 |      36 |  11.4 |      21 |       1 |   4.5
        D:5 |     220 |       0 |   0.0 |       6 |       0 |   0.0
            +---------+---------+-------+---------+---------+-------
